 Dungeon Crawl Stone Soup version 0.28-a0-1629-gf728b707aa (webtiles) character file.

Game seed: 11637479756284287851

91 fragbeetle the Chopper (level 4, -3/40 HPs)
             Began as a Hill Orc Cinder Acolyte on Jan 25, 2022.
             Was a High Priest of Ignis.
             Slain by a gnoll (7 damage)
             ... on level 2 of the Dungeon.
             The game lasted 00:03:05 (2249 turns).

fragbeetle the Chopper (Hill Orc Cinder Acolyte)    Turns: 2249, Time: 00:03:06

Health: -3/40      AC:  2    Str: 18    XL:     4   Next: 57%
Magic:  2/5        EV: 11    Int: 14    God:    Ignis [*****.]
Gold:   146        SH:  0    Dex:  6    Spells: 3/5 levels left

rFire   + . .      SeeInvis .   a - -1 hand axe (flame)
rCold   . . .      Faith    .   (no shield)
rNeg    . . .      Spirit   .   b - +0 robe
rPois   .          Reflect  .   (no helmet)
rElec   .          Harm     .   (no cloak)
rCorr   .          Rampage  .   (no gloves)
Will    .....                   (no boots)
Stlth   +.........              (no amulet)
HPRegen 0.13/turn               (no ring)
MPRegen 0.09/turn               (no ring)

@: no status effects
A: no striking features
a: Renounce Religion, Fiery Armour, Foxfire Swarm, Rising Flame


You were on level 2 of the Dungeon.
You worshipped Ignis.
Ignis was extremely pleased with you.
You visited 1 branch of the dungeon, and saw 3 of its levels.

You collected 146 gold pieces.

Inventory:

Hand Weapons
 a - a -1 hand axe of flaming (weapon)
Missiles
 e - 4 poisoned darts
Armour
 b - a +0 robe (worn)
Wands
 g - a wand of flame (14)
Scrolls
 c - 2 scrolls of identify {unknown}
 d - a scroll of immolation {unknown}
 f - a scroll of enchant weapon {unknown}
 h - a scroll of amnesia {unknown}
 i - a scroll of brand weapon {unknown}


   Skills:
 + Level 4.2 Fighting
 * Level 5.0 Axes
 * Level 2.0 Armour
 - Level 1.1 Spellcasting
 * Level 4.0 Fire Magic


You had 3 spell levels left.
You knew the following spells:

 Your Spells              Type           Power      Damage    Failure   Level
a - Scorch                Fire           24%        2d6       8%          2

Your spell library contained the following spells:

 Spells                   Type           Power      Damage    Failure   Level
 Confusing Touch          Hex            0%         N/A       61%         3
 Yara's Violent Unravell  Hex/Tmut       0%         3d3       100%        5
 Enfeeble                 Hex            0%         N/A       100%        7


Dungeon Overview and Level Annotations

Branches:
Dungeon (3/15)

Altars:


Message History

You start resting.
HP restored.
You climb downwards.
The gnoll hits you with a +0 club.
There is a stone staircase leading up, spattered with blood here.
You hit the gnoll. You burn the gnoll.
The gnoll is heavily wounded.
The gnoll hits you with a +0 club.
A gnoll comes into view. It is wielding a +0 whip.
You closely miss the gnoll.
The gnoll is heavily wounded.
The gnoll hits you with a +0 club. The gnoll hits you with a +0 club!
You closely miss the gnoll.
The gnoll is heavily wounded.
The gnoll closely misses you.
You barely miss the gnoll.
The gnoll is heavily wounded.
The gnoll hits you with a +0 club.
You are too injured to fight recklessly!
You are too injured to fight recklessly!
Casting: Scorch (safe; 8% risk of failure)
Confirm with . or Enter, or press ? or * to list all spells.
Flames lash the gnoll.
The gnoll is moderately wounded.
The gnoll's fire resistance burns away.
The gnoll hits you with a +0 club!
* * * LOW HITPOINT WARNING * * *
Unknown command.
The gnoll hits you with a +0 club.
* * * LOW HITPOINT WARNING * * *
The gnoll hits you but does no damage.
You climb upwards.
There is a stone staircase leading down here.
The gnoll is no longer more vulnerable to fire.
The gnoll hits you with a +0 whip.
* * * LOW HITPOINT WARNING * * *
Casting: Scorch (safe; 8% risk of failure)
Confirm with . or Enter, or press ? or * to list all spells.
Flames lash the gnoll.
The gnoll is almost dead.
The gnoll's fire resistance burns away.
The gnoll hits you with a +0 whip!
You die...

.......).######
#.####.(......... ###......#
###.# #.......#### ##.....#
#...# #.......# ## #...###
#.### #.......# #. #...# #(#
######### #. #...# #.#
######### #. #...# #.###
#.......# #.
####...########.#g## #.......#
#.
..............#.@#.###.......#
#.
................###g........>#
#.
...)..........#..#.###.......#
## .###...########.#.##
#.......# # .# #...#
#.#.####.......# # .# #...#
#.....########## .###...#
#.#.#.# ##..<..# #.....# ###
##.#...# ###.#.########.##


You could see a gnoll (combustible).

Vanquished Creatures
  2 gnolls (D:3)
  3 adders (D:2)
  2 dart slugs
  2 endoplasms
  A giant cockroach (D:1)
  7 goblins
  3 hobgoblins
  2 jackals (D:3)
  6 kobolds
  A quokka (D:2)
  6 ball pythons
  3 bats
  A frilled lizard (D:2)
  2 rats
41 creatures vanquished.

Vanquished Creatures (others)
  A fungus (D:2)
  A plant (D:2)
2 creatures vanquished.

Grand Total: 43 creatures vanquished

Notes
Turn   | Place    | Note
-------+----------+-------------------------------------------
     0 | D:1      | fragbeetle the Hill Orc Cinder Acolyte began the quest for
                  | the Orb.
     0 | D:1      | Reached XP level 1. HP: 19/19 MP: 2/2
    35 | D:1      | Reached XP level 2. HP: 10/27 MP: 3/3
   488 | D:1      | Learned a level 2 spell: Scorch
   607 | D:2      | Found a faded altar of an unknown god.
   641 | D:2      | Reached XP level 3. HP: 33/33 MP: 4/4
   839 | D:2      | Reached skill level 1 in Armour
  1361 | D:2      | Reached XP level 4. HP: 40/40 MP: 0/5
  2089 | D:3      | Reached skill level 5 in Axes
  2239 | D:2      | HP: 2/40 [gnoll (4)]
  2249 | D:2      | Slain by a gnoll

Illustrated notes

Levels and vault maps discovered:
D:1:      pf_arrival_petrified_forest, layout_rooms
D:2:      layout_loops_cross, shapermc_ecumenical_altar_acropolis
D:3:      layout_rooms

Skill      XL: |  1  2  3  4 |
---------------+-------------+-----
Fighting       | 4 |  4.2
Armour         | 1 2 |  2.0
Axes           | 5 |  5.0
Fire Magic     | 4 |  4.0
Spellcasting   | |  1.1

Action                   |  1- 3 |  4- 6 || total
-------------------------+-------+-------++-------
Melee: Hand axe          |    71 |    22 ||    93
       Punch             |     1 |       ||     1
 Cast: Scorch            |     9 |     8 ||    17
  Use: Potion            |     1 |       ||     1
Armor: Robe              |    15 |     3 ||    18
Dodge: Dodged            |    50 |    10 ||    60

Table legend: (Time is in decaauts)
 A = Elapsed time spent in this place.
 B = Non-inter-level travel time spent in this place.
 C = Inter-level travel time spent in this place.
 D = Time resting spent in this place.
 E = Time spent auto-exploring this place.
 F = Levels seen in this place.
 G = Mean time per level.
                   A        B        C        D        E       F      G
               +--------+--------+--------+--------+--------+-----+--------+
         Total |   2258 |   2202 |     56 |    316 |   1579 |   3 |  752.7 |
       Dungeon |   2258 |   2202 |     56 |    316 |   1579 |   3 |  752.7 |
               +--------+--------+--------+--------+--------+-----+--------+

Top non-repeatable levels by time:
     D:2: 1407 daAuts
     D:1: 525 daAuts
     D:3: 325 daAuts
